 Dungeon Crawl Stone Soup version 0.28.0-49-g6dfe1f597d (webtiles) character file.

Game seed: 10035497057087102343

5346 klau3 the Cleaver (level 10, -8/132 HPs)
             Began as a Minotaur Berserker on May 12, 2022.
             Was a Believer of Trog.
             Mangled by an orc warrior
             ... wielding a +0 trident
              (11 damage)
             ... on level 9 of the Dungeon.
             The game lasted 00:42:05 (11099 turns).

klau3 the Cleaver (Minotaur Berserker)             Turns: 11099, Time: 00:42:05

Health: -8/132     AC: 25    Str: 24    XL:     10   Next: 38%
Magic:  0/9        EV:  2    Int:  4    God:    Trog [**....]
Gold:   522        SH:  0    Dex: 12    Spells: 9/9 levels left

rFire   . . .      SeeInvis .   f - +3 war axe (elec)
rCold   . . .      Faith    .   (no shield)
rNeg    . . .      Spirit   +   (armour currently unavailable)
rPois   +          Reflect  .   (helmet currently unavailable)
rElec   .          Harm     .   (cloak currently unavailable)
rCorr   +          Rampage  .   (gloves currently unavailable)
Will    .....      NoTele   +   (boots currently unavailable)
Stlth   ++........              t - amulet of guardian spirit
HPRegen 0.32/turn               v - +4 ring of slaying
MPRegen 0.11/turn               N - ring of resist corrosion

@: tree-form, on berserk cooldown, slowed, very slow
A: stationary, stasis, torment immunity, boosted hp, (horns 2), (retaliatory
headbutt), (iridescent scales 1)
a: Renounce Religion, Berserk, Trog's Hand


You were on level 9 of the Dungeon.
You worshipped Trog.
Trog was pleased with you.
You were a tree.
You visited 1 branch of the dungeon, and saw 9 of its levels.

You collected 522 gold pieces.

Inventory:

Hand Weapons
 a - a +0 hand axe
 f - a +3 war axe of electrocution (weapon)
 k - a +0 shortbow
 x - a +0 shortbow
 E - a +2 falchion of electrocution
Missiles
 F - 78 arrows
 G - 2 atropa-tipped darts
 I - 7 poisoned darts (quivered)
 L - 47 bolts
Armour
 b - a +0 animal skin
 d - a +0 ring mail
 g - a +0 ring mail
 o - a +0 cloak (melded)
 s - a +2 pair of boots (melded)
 w - a +0 pair of boots
 y - +0 steam dragon scales
 C - a +0 scale mail
 M - +2 shadow dragon scales (melded)
Jewellery
 t - an amulet of guardian spirit (around neck)
 v - a +4 ring of slaying (left branch)
 N - a ring of resist corrosion (right branch)
Wands
 j - a wand of flame (21)
Scrolls
 h - a scroll of vulnerability
 i - 2 scrolls of enchant armour
 m - a scroll of immolation
 n - 2 scrolls of silence
 r - 4 scrolls of identify
 u - a scroll of blinking
 P - 2 scrolls of teleportation
Potions
 c - a potion of lignification
 e - 4 potions of brilliance
 l - a potion of might
 p - a potion of ambrosia
 q - a potion of curing {unknown}
 A - a potion of flight


   Skills:
 + Level 8.0 Fighting
 + Level 11.6 Axes
 + Level 2.0 Bows
 + Level 5.0 Throwing
 + Level 9.9 Armour
 + Level 4.8 Dodging
 + Level 2.2 Stealth


You had 9 spell levels left.
You didn't know any spells.
Your spell library contained the following spells:

 Spells                   Type           Power      Damage    Failure   Level
 Sandblast                Erth           0%         2d4       50%         1
 Passwall                 Tmut/Erth      0%         N/A       65%         2
 Ozocubu's Armour         Ice            0%         N/A       86%         3
 Stone Arrow              Conj/Erth      0%         3d7       86%         3
 Metabolic Englaciation   Hex/Ice        0%         N/A       100%        5
 Simulacrum               Ice/Necr       0%         N/A       100%        6
 Malign Gateway           Summ/Tloc      0%         N/A       100%        7
 Summon Horrible Things   Summ           0%         N/A       100%        8


Dungeon Overview and Level Annotations

Branches:
Dungeon (9/15)             Temple (0/1) D:5
   Lair: D:8-11         Orc: D:9-12

Altars:
Hepliaklqana
Kikubaaqudgha
Okawaru
Uskayaw
Wu Jian

Shops:
D:8 [

Annotations:
D:6 1 runed translucent door, Crazy Yiuf


Innate Abilities, Weirdness & Mutations

You are a tree.
Your roots penetrate the ground, keeping you stationary.
You cannot be teleported.
You are immune to unholy pain and torment.
Your maximum health is greatly increased.
Your equipment is partially melded.
((You have a pair of horns on your head.))
((You reflexively headbutt those who attack you in melee.))
((You are partially covered in iridescent scales. (AC +2)))


Message History

You headbutt the orc warrior, but do no damage.
The orc warrior is heavily wounded.
The orc warrior hits you but does no damage.
An orc comes into view. It is wielding a +0 whip.
The orc warrior hits you with a +0 trident!
The orc shouts!
You slash the orc warrior!
The orc warrior is almost dead.
The orc warrior closely misses you. You furiously retaliate!
You headbutt the orc warrior, but do no damage.
The orc warrior hits you but does no damage.
You completely miss the orc warrior. The orc warrior blocks your attack.
The orc warrior is almost dead.
The orc warrior completely misses you. You furiously retaliate!
You headbutt the orc warrior, but do no damage.
The orc warrior hits you with a +0 trident!
You hit the orc warrior but do no damage.
The orc warrior is almost dead.
The orc warrior hits you with a +0 trident!
* * * LOW HITPOINT WARNING * * *
The orc warrior hits you with a +0 trident.
* * * LOW HITPOINT WARNING * * *
You barely miss the orc warrior.
You punch the orc warrior, but do no damage.
The orc warrior is almost dead.
The orc warrior hits you with a +0 trident!!
* * * LOW HITPOINT WARNING * * *
The orc warrior hits you with a +0 trident.
* * * LOW HITPOINT WARNING * * *
Really quaff the potion of lignification?
Uppercase [Y]es or [N]o only, please.
Really quaff the potion of lignification?
Uppercase [Y]es or [N]o only, please.
Really quaff the potion of lignification?
You turn into a tree.
Your +0 cloak melds into your body.
Your +2 pair of boots melds into your body.
Your +2 shadow dragon scales melds into your body.
Your roots penetrate the ground.
The orc warrior hits you with a +0 trident!
You die...

##<#)?......# ..#
#.####..[)......######.# .
#......[[.......##.....# ..
................##....###
..##..##..<.......##.......
...######.#..............
##........#.>.####.......
##.....)†......##.......
##...o.♣.###.#..####....
####.....o..# #.##.# ####.
###..........## #.# .# #
##..........))# #.# #
#....††......)####..
#......†........$ ..
.....PP.PP.).[......
......P####(.........
...P... #....P.....


You could see an orc warrior (berserk) and an orc.

Vanquished Creatures
  A two-headed ogre (D:6)
  A manticore (D:7)
  A kobold demonologist (D:7)
  A troll (D:6)
  Prince Ribbit (D:6)
  Grinder (D:5)
  Sigmund (D:6)
  Eustachio (D:6)
  A wyvern (D:7)
  A steam dragon (D:9)
  2 vampire mosquitoes (D:7)
  2 water moccasins
  An orc warrior (D:9)
  2 ogres
  3 necrophages
  A black bear (D:9)
  3 centaurs
  A phantom (D:7)
  A kobold brigand (D:8)
  4 bullfrogs
  2 gnoll sergeants
  5 scorpions
  A water moccasin skeleton (D:4)
  3 wights
  An electric eel (D:8)
  A howler monkey (D:8)
  3 hounds
  2 jellies
  3 orc priests
  2 centaur skeletons
  An iguana (D:4)
  2 orc wizards (D:9)
  10 gnolls
  8 adders
  2 howler monkey skeletons
  A white imp (D:6)
  An ufetubus (D:6)
  An adder skeleton (D:4)
  2 worms
  2 dart slugs
  15 orcs
  4 endoplasms
  3 giant cockroaches
  3 goblins
  6 hobgoblins
  8 jackals
  6 quokkas
  6 ball pythons
  3 bats
  A frilled lizard (D:1)
  10 kobolds
  2 rats
150 creatures vanquished.

Vanquished Creatures (others)
  An orc wizard (D:9)
  A gnoll (D:9)
  10 fungi (D:9)
  21 plants
  15 withered plants (D:1)
48 creatures vanquished.

Grand Total: 198 creatures vanquished

Notes
Turn   | Place    | Note
-------+----------+-------------------------------------------
     0 | D:1      | klau3 the Minotaur Berserker began the quest for the Orb.
     0 | D:1      | Reached XP level 1. HP: 19/19 MP: 0/0
   382 | D:1      | Reached XP level 2. HP: 22/27 MP: 1/1
   533 | D:1      | Reached skill level 4 in Axes
   582 | D:1      | Found a faded altar of an unknown god.
  1163 | D:2      | Reached XP level 3. HP: 33/33 MP: 2/2
  1928 | D:3      | Found an iron altar of Okawaru.
  1982 | D:3      | Reached XP level 4. HP: 41/41 MP: 3/3
  2558 | D:4      | Reached XP level 5. HP: 42/47 MP: 4/4
  2894 | D:4      | Reached skill level 5 in Armour
  2916 | D:4      | Reached skill level 5 in Fighting
  2932 | D:4      | Found a hide-covered altar of Uskayaw.
  2971 | D:4      | Noticed a necrophage
  2990 | D:4      | Killed a necrophage
  2991 | D:4      | Reached skill level 5 in Axes
  2991 | D:4      | Reached XP level 6. HP: 43/56 MP: 5/5
  3659 | D:5      | Entered Level 5 of the Dungeon
  3686 | D:5      | Found a hazy altar of Hepliaklqana.
  3713 | D:5      | Reached skill level 6 in Axes
  3979 | D:5      | Reached XP level 7. HP: 56/61 MP: 6/6
  4023 | D:5      | Found a staircase to the Ecumenical Temple.
  4294 | D:5      | Noticed Grinder
  4298 | D:5      | Reached skill level 7 in Axes
  4312 | D:5      | Killed Grinder
  5175 | D:6      | Reached XP level 8. HP: 70/70 MP: 7/7
  5585 | D:6      | Reached skill level 8 in Axes
  5585 | D:6      | Reached skill level 1 in Throwing
  5723 | D:6      | Found a runed translucent door.
  5724 | D:6      | Noticed Crazy Yiuf
  5844 | D:6      | Noticed Eustachio
  5851 | D:6      | Killed Eustachio
  5926 | D:6      | Noticed Sigmund
  5932 | D:6      | Killed Sigmund
  5933 | D:6      | Reached skill level 1 in Stealth
  6257 | D:7      | Reached skill level 9 in Axes
  6356 | D:7      | Noticed Prince Ribbit
  6506 | D:6      | Killed Prince Ribbit
  6507 | D:6      | Reached XP level 9. HP: 71/78 MP: 6/8
  6544 | D:7      | Noticed a troll
  6544 | D:7      | Noticed a manticore
  7068 | D:6      | Killed a troll
  7317 | D:7      | Noticed a two-headed ogre
  7327 | D:7      | Reached skill level 10 in Axes
  7508 | D:7      | Noticed a kobold demonologist
  7637 | D:7      | Killed a kobold demonologist
  7659 | D:7      | Reached ** piety under Trog
  7674 | D:6      | Killed a two-headed ogre
  7675 | D:6      | Reached skill level 11 in Axes
  9745 | D:7      | Killed a manticore
  9746 | D:7      | Reached skill level 1 in Bows
  9746 | D:7      | Reached XP level 10. HP: 73/86 MP: 6/9
  9998 | D:8      | Found an ornate altar of the Wu Jian Council.
 10208 | D:7      | Gained mutation: Your spells are a little harder to cast,
                  | but a little more powerful. [potion of mutation]
 10208 | D:7      | Gained mutation: You are partially covered in iridescent
                  | scales. (AC +2) [potion of mutation]
 10208 | D:7      | Lost mutation: Your spells are a little harder to cast, but
                  | a little more powerful. [potion of mutation]
 10301 | D:8      | Found Luottuecw's Armour Boutique.
 10403 | D:8      | Found an ancient bone altar of Kikubaaqudgha.
 11081 | D:9      | Reached skill level 5 in Throwing
 11098 | D:9      | HP: 1/88 [orc warrior/+0 trident (4)]
 11099 | D:9      | Mangled by an orc warrior

Illustrated notes

Levels and vault maps discovered:
D:1:      shiori_shiawase, layout_basic, shapermc_ecumenical_altar_flowoftime,
          serial_bayou_lake_a
D:2:      layout_loops_ring, serial_rivers, chequers_serial_rivers_large_b,
          chequers_serial_rivers_marsh, chequers_serial_rivers_small_b,
          chequers_serial_rivers_micro_a
D:3:      layout_basic, kennysheep_okawaru_gauntlet, feat_on_display
D:4:      layout_basic, mainiacjoe_overflow_brackets, columned_hall_lemuel
D:5:      layout_loops_corners, mainiacjoe_overflow_alcove_4,
          minmay_temple_entry_antechambers, uniq_grinder
D:6:      layout_gridville, uniq_eustachio, uniq_crazy_yiuf_cottage,
          uniq_sigmund
D:7:      minmay_blocky_corners, layout_cave_pools, kb_rosetta,
          uniq_prince_ribbit1
D:8:      layout_rooms, nicolae_wu_jian_wuxing_cycle, kennysheep_mini_moat,
          serial_shops, nicolae_shop_hallway_stairs, kennysheep_dice
D:9:      gammafunk_cloud_chamber, layout_rooms,
          chequers_temple_overflow_minitemple, grunt_lair_entry_orc_guard_hut,
          erik_orc_1, gammafunk_ghost_hydra_chop, minmay_joined_circles

Skill      XL: |  1  2  3  4  5  6  7  8  9 10 |
---------------+-------------------------------+-----
Fighting       | 4 5 6 7 8 |  8.0
Axes           | 4 5 6 7 9 11 | 11.6
Armour         | 3 4 5 6 8 9 |  9.9
Dodging        | 3 4 |  4.8
Throwing       | 3 4 5 |  5.0
Stealth        | 1 2 |  2.2
Bows           | 1 2 |  2.0

Action                   |  1- 3 |  4- 6 |  7- 9 | 10-12 || total
-------------------------+-------+-------+-------+-------++-------
Melee: Hand axe          |   110 |    25 |       |       ||   135
       Headbutt          |    21 |    11 |    12 |    10 ||    54
       Punch             |     3 |     1 |     2 |     1 ||     7
       War axe           |       |    57 |    93 |    56 ||   206
 Fire: Shortbow          |       |       |    13 |       ||    13
Throw: Dart              |       |     2 |    33 |    33 ||    68
Invok: Berserk           |    12 |     6 |     6 |     2 ||    26
  Use: Scroll            |       |     5 |       |     9 ||    14
       Potion            |       |       |     1 |     9 ||    10
 Stab: Invisible         |       |       |       |     1 ||     1
Armor: Ring mail         |    41 |    32 |    13 |       ||    86
       Scale mail        |       |       |    50 |       ||    50
       Shadow dragon sca |       |       |       |    51 ||    51
Dodge: Dodged            |    67 |    43 |    69 |    25 ||   204
